 Dungeon Crawl Stone Soup version 0.22.1-1-ga44c0e56f4 (webtiles) character file.

187 alfasonni the Skirmisher (level 5, -1/35 HPs)
             Began as a Gargoyle Monk on Oct 26, 2018.
             Was a Follower of Okawaru.
             Slain by an ogre
             ... wielding a +0 giant spiked club
              (13 damage)
             ... on level 4 of the Dungeon.
             The game lasted 00:10:21 (2465 turns).

alfasonni the Skirmisher (Gargoyle Monk)            Turns: 2465, Time: 00:10:21

Health: -1/35      AC: 14    Str: 15    XL:     5   Next: 66%
Magic:  3/5        EV: 10    Int: 11    God:    Okawaru [*.....]
Gold:   176        SH:  9    Dex: 12    Spells: 4/4 levels left

rFire    . . .     SeeInvis +   b - +6 club
rCold    . . .     Gourm    .   g - +0 shield
rNeg     + . .     Faith    .   n - +0 scale mail
rPois    ∞         Spirit   .   (no helmet)
rElec    +         Reflect  .   f - +2 cloak
rCorr    .         Harm     .   (no gloves)
MR       .....                  (no boots)
Stlth    ++........             k - amulet of regeneration {!d}
HPRegen  0.51/turn              z - ring of see invisible
MPRegen  0.09/turn              (no ring)

@: heroism
A: negative energy resistance 1, electricity resistance, unbreathing,
petrification resistance, rot immunity, AC +4
a: Heroism, Renounce Religion


You were on level 4 of the Dungeon.
You worshipped Okawaru.
Okawaru was aware of your devotion.
You were not hungry.

You visited 2 branches of the dungeon, and saw 5 of its levels.

You collected 176 gold pieces.

Inventory:

Hand Weapons
 a - a +0 mace
 b - a +6 club (weapon)
   (You took it off Jessica on level 2 of the Dungeon)
Armour
 f - a +2 cloak (worn)
   (You took it off Crazy Yiuf on level 2 of the Dungeon)
 g - a +0 shield (worn)
   (You found it on level 2 of the Dungeon)
 n - a +0 scale mail (worn)
   (You found it on level 2 of the Dungeon)
Jewellery
 k - an amulet of regeneration (around neck) {!d}
   (You found it on level 1 of the Dungeon)
 z - a ring of see invisible (left hand)
   (You found it on level 3 of the Dungeon)
Wands
 h - a wand of enslavement (14)
   (You found it on level 3 of the Dungeon)
Scrolls
 c - a scroll of identify {@r1}
 d - a scroll of remove curse {@r2}
 j - a scroll of teleportation {unknown}
 l - a scroll of enchant armour {unknown}
 m - a scroll of magic mapping {unknown}
Comestibles
 e - 7 rations {!d}
 o - a chunk of flesh


   Skills:
 + Level 5.3(10.3) Fighting
 + Level 4.8(9.8) Maces & Flails
 - Level 2.4(7.4) Dodging
 - Level 2.1(7.1) Stealth


You had 4 spell levels left.
You didn't know any spells.
Your spell library was empty.

Dungeon Overview and Level Annotations

Branches:
Dungeon (4/15)             Temple (1/1) D:4

Altars:
Ashenzari
Cheibriados
Elyvilon
Hepliaklqana
Okawaru
The Shining One

Annotations:
D:4 Grinder


Innate Abilities, Weirdness & Mutations

You are resistant to torment.
Your stone body is resilient. (AC +4)
You are immune to poison.
You resist negative energy. (rN+)
You are resistant to electric shocks. (rElec)
You can survive without breathing.
You are immune to petrification.
You are immune to rotting.


Message History

You kill the worker ant!
Okawaru accepts your kill.
No target in view!
You butcher the worker ant corpse.
o - a chunk of flesh
Found a glowing cloak.
Found a stone staircase leading up.
Found 21 bolts.
An ogre comes into view. It is wielding a giant spiked club.
The ogre shouts!
You hear a shout!
The ogre moves out of view.
You hear a shout!
No target in view!
The ogre is too close now for your liking.
You see here a glowing cloak.
A worker ant comes into view.
You block the ogre's attack.
Grinder comes into view.
You hit the ogre. The ogre hits you but does no damage.
You barely miss the ogre. You block the ogre's attack.
You sock the ogre! Grinder hits you. You block the ogre's attack.
You hit the ogre. Grinder hits you but does no damage.
You hit the ogre.
The ogre hits you with a giant spiked club!
* * * LOW HITPOINT WARNING * * *
A centaur comes into view.
Grinder hits you but does no damage.
The centaur shouts!
You gain the combat prowess of a mighty hero.
The centaur wields a shortbow.
The centaur shoots an arrow.
The arrow misses you.
The arrow barely misses the worker ant.
The worker ant bites you but does no damage.
The ogre barely misses you. Grinder hits you.
* * * LOW HITPOINT WARNING * * *
You sock Grinder!
The centaur shoots an arrow.
You block the arrow.
The worker ant bites you but does no damage.
Grinder hits you but does no damage.
You barely miss Grinder.
The centaur shoots an arrow.
The arrow closely misses you.
The arrow hits the worker ant!
You block the worker ant's attack.
The ogre hits you with a giant spiked club!
* * * LOW HITPOINT WARNING * * *
Grinder gestures at you. You resist with significant effort.
Okay, then.
You feel better.
The worker ant bites you but does no damage.
The centaur shoots an arrow.
You block the arrow.
The ogre hits you with a giant spiked club!
You die...

#.......+
####....#### ...
#.......# ..
#.##.##.# ..
#.##.##.# ### .#
#.##..#.# #.. ..#
#.###.#.#
#.####..####
#.###.#.#
#.#..O.....#
#.......#
#.c.@5..#
#####.###
#.(.#a..##
#.#####.[.....(#
#.................
########...<.....#
#.....#####
#######


You could see Grinder, an ogre, a centaur and a worker ant.

Vanquished Creatures
  Crazy Yiuf (D:2)
  Jessica (D:2)
  A worker ant (D:4)
  4 adders
  2 worms (D:3)
  3 dart slugs
  3 leopard geckos
  An orc (D:3)
  4 giant cockroaches
  5 goblins
  8 hobgoblins
  6 kobolds
  4 quokkas
  4 bats
  6 frilled lizards
  10 rats
63 creatures vanquished.

Notes
Turn   | Place    | Note
-------+----------+-------------------------------------------
     0 | D:1      | alfasonni the Gargoyle Monk began the quest for the Orb.
     0 | D:1      | Reached XP level 1. HP: 14/14 MP: 1/1
   216 | D:1      | Reached XP level 2. HP: 19/19 MP: 2/2
   797 | D:2      | Reached XP level 3. HP: 24/24 MP: 3/3
   836 | D:2      | Reached skill level 4 in Fighting
   948 | D:2      | Noticed Jessica
   966 | D:2      | Killed Jessica
  1137 | D:2      | Reached XP level 4. HP: 30/30 MP: 4/4
  1176 | D:2      | Found a runed door.
  1399 | D:2      | Noticed Crazy Yiuf
  1403 | D:2      | Killed Crazy Yiuf
  1605 | D:3      | Reached XP level 5. HP: 34/34 MP: 5/5
  1719 | D:3      | Reached skill level 5 in Fighting
  2347 | D:4      | Found a staircase to the Ecumenical Temple.
  2357 | Temple   | Entered the Ecumenical Temple
  2373 | Temple   | Became a worshipper of Warmaster Okawaru
  2373 | Temple   | Reached * piety under Okawaru
  2373 | Temple   | Reached ** piety under Okawaru
  2452 | D:4      | Noticed an ogre
  2456 | D:4      | Noticed Grinder
  2461 | D:4      | Noticed a centaur
  2465 | D:4      | Slain by an ogre

Skill      XL: |  1  2  3  4  5 |
---------------+----------------+-----
Fighting       | 4 5 |  5.3
Maces & Flails | 4 |  4.8
Dodging        | |  2.4
Stealth        | |  2.1

Action                   |  1- 3 |  4- 6 || total
-------------------------+-------+-------++-------
Melee: Mace              |    88 |       ||    88
       Club              |     1 |   106 ||   107
Invok: Heroism           |       |     1 ||     1
  Use: Scroll            |     6 |     1 ||     7
       Potion            |     4 |     1 ||     5
 Stab: Sleeping          |     4 |       ||     4
  Eat: Chunk             |     1 |     4 ||     5
Armor: Robe              |    22 |       ||    22
       Skin              |     4 |       ||     4
       Scale mail        |     1 |    47 ||    48
Dodge: Dodged            |    44 |    29 ||    73
Block: Shield            |    18 |    40 ||    58
